 Dungeon Crawl Stone Soup version 0.21-a0-525-ga34b322 (webtiles) character file.

104 slep the Chopper (level 4, -3/34 HPs)
             Began as a Demonspawn Gladiator on Dec 8, 2017.
             Killed by divine providence
             ... invoked by an orc priest
              (15 damage)
             ... on level 3 of the Dungeon.
             The game lasted 00:03:59 (1226 turns).

slep the Chopper (Demonspawn Gladiator)             Turns: 1226, Time: 00:04:00

Health: -3/34      AC: 10    Str: 15    XL:     4   Next: 52%
Magic:  4/4        EV: 10    Int:  9    God:
Gold:   93         SH:  7    Dex: 15    Spells: 3/3 levels left

rFire    . . .     SeeInvis .   a - +0 war axe
rCold    . . .     Gourm    .   g - +0 shield
rNeg     . . .     Faith    .   b - +0 leather armour
rPois    .         Spirit   .   c - +0 helmet
rElec    .         Reflect  .   (no cloak)
rCorr    .         Harm     .   (no gloves)
MR       .....                  (no boots)
Stlth    ++........             (no amulet)
HPRegen  0.11/turn              (no ring)
MPRegen  0.09/turn              (no ring)

@: sanguine armour
A: nightstalker 1, spiny 1, sanguine armour 1
a: no special abilities


You were on level 3 of the Dungeon.
You were not hungry.

You visited 1 branch of the dungeon, and saw 3 of its levels.

You collected 93 gold pieces.

Inventory:

Hand Weapons
 a - a +0 war axe (weapon)
Missiles
 d - 4 throwing nets (quivered)
Armour
 b - a +0 leather armour (worn)
 c - a +0 helmet (worn)
 g - a +0 shield (worn)
Scrolls
 e - 2 scrolls of remove curse {unknown}
 m - a scroll of teleportation {unknown}
Potions
 h - a potion of agility {unknown}
 j - a potion of heal wounds {unknown}
 k - a potion of degeneration {unknown}
 l - a potion of brilliance {unknown}
 o - a potion of magic {unknown}
Comestibles
 f - a bread ration
 i - 2 fruits
 n - 2 chunks of flesh


   Skills:
 + Level 2.6 Fighting
 + Level 3.6 Axes
 + Level 1.8 Throwing
 + Level 1.1 Armour
 + Level 3.1 Dodging
 + Level 0.7 Stealth
 + Level 0.5 Shields


You had 3 spell levels left.
You didn't know any spells.

Dungeon Overview and Level Annotations

Branches:
Dungeon (3/15)

Altars:

Annotations:
D:2 Sigmund


Innate Abilities, Weirdness & Mutations

You are slightly more attuned to the shadows.
You are partially covered in sharp spines.
When seriously injured, your bleeding wounds create armour. (AC +6)


Message History

The orc priest is lightly wounded.
You slash the orc!
You kill the orc!
You block the orc priest's attack.
You slash the orc priest!
The orc priest is severely wounded.
The orc priest invokes the aid of Beogh against you.
Beogh smites you!
Your blood congeals into armour.
You block the orc priest's attack.
You barely miss the orc priest.
The orc priest is severely wounded.
You block the orc priest's attack.
Your shield prevents you from hitting the orc priest.
The orc priest is severely wounded.
The orc priest barely misses you.
You hit the orc priest but do no damage.
The orc priest is severely wounded.
The orc priest invokes the aid of Beogh against you.
Beogh smites you!
You die...

#. #. ..
.## ..#
###..#
#.o..#
#@##.# #)#
#
..........#
####.#.####
.....# ###
###


You could see an orc priest.

Vanquished Creatures
  An orc priest (D:3)
  3 adders (D:2)
  An ooze (D:2)
  3 leopard geckos
  An orc (D:3)
  3 giant cockroaches
  5 goblins (D:1)
  4 hobgoblins
  2 jackals (D:2)
  4 kobolds
  A ball python (D:1)
  7 bats
  6 rats
41 creatures vanquished.

Notes
Turn   | Place    | Note
-------+----------+-------------------------------------------
     0 | D:1      | slep the Demonspawn Gladiator began the quest for the Orb.
     0 | D:1      | Reached XP level 1. HP: 16/16 MP: 1/1
   179 | D:1      | Gained mutation: You are slightly more attuned to the shadows. [demonic ancestry]
   179 | D:1      | Reached XP level 2. HP: 7/22 MP: 2/2
   869 | D:2      | Gained mutation: You are partially covered in sharp spines. [demonic ancestry]
   869 | D:2      | Reached XP level 3. HP: 27/28 MP: 3/3
   879 | D:2      | Noticed Sigmund
  1109 | D:2      | Reached skill level 1 in Armour
  1109 | D:2      | Gained mutation: When seriously injured, your bleeding wounds create armour. (AC +6) [demonic ancestry]
  1109 | D:2      | Reached XP level 4. HP: 30/34 MP: 4/4
  1226 | D:3      | Killed from afar by an orc priest

Vault maps used:
D:1:      onia_arrival_pyramid, serial_bayou_pond_d
D:2:      uniq_sigmund
D:3:      marbit_many_paths, portal_sewer_entry_d, kennysheep_generic_room_10

Skill      XL: |  1  2  3 |
---------------+----------+-----
Dodging        | 3 |  3.1
Axes           | 3 |  3.6
Armour         | 1 |  1.1
Fighting       | |  2.6
Throwing       | |  1.8
Stealth        | |  0.7
Shields        | |  0.5

Action                   |  1- 3 |  4- 6 || total
-------------------------+-------+-------++-------
Melee: War axe           |   100 |    13 ||   113
 Stab: Sleeping          |     6 |       ||     6
  Eat: Chunk             |       |     1 ||     1
Armor: Leather armour    |    33 |     1 ||    34
Dodge: Dodged            |    48 |     3 ||    51
Block: Shield            |    32 |    10 ||    42

Table legend:
 A = Spawn XP
 B = Non-spawn XP
 C = Spawn XP percentage of total XP
 D = Spawn monster count
 E = Non-spawn monster count
 F = Spawn count percentage of total count
 G = Total turns spent on level
                    A         B        C        D         E        F      G
               +---------+---------+-------+---------+---------+-------+---------
         Total |       0 |     149 |   0.0 |       0 |      41 |   0.0 |  1226
               +---------+---------+-------+---------+---------+-------+---------
           D:1 |       0 |      33 |   0.0 |       0 |      20 |   0.0 |   827
           D:2 |       0 |      72 |   0.0 |       0 |      19 |   0.0 |   387
           D:3 |       0 |      44 |   0.0 |       0 |       2 |   0.0 |    12
               +---------+---------+-------+---------+---------+-------+---------
